 Dungeon Crawl Stone Soup version 0.17-a0-1718-g72dbe4d (console) character file.

865 Monkaria the Covert (level 7, 0/31 HPs)
             Began as a Felid Berserker on Aug 26, 2015.
             Was an Elder of Trog.
             Slain by a gnoll shaman
             ... wielding a +0 club
              (5 damage)
             ... on level 4 of the Dungeon.
             The game lasted 00:07:05 (4818 turns).

Monkaria the Covert (Felid Berserker)               Turns: 4818, Time: 00:07:05

Health: 0/31       AC:  2    Str: 15    XL:     7   Next: 72%
Magic:  8/8        EV: 19    Int:  8    God:    Trog [****..]
Gold:   247        SH:  0    Dex: 16    Spells: 0 memorised, 6 levels left
                                        Lives:  0   Deaths: 2

rFire  . . .     SeeInvis +       - Unarmed
rCold  . . .     Clarity  .     (armour unavailable)
rNeg   . . .     SustAt   .     (shield unavailable)
rPois  .         Gourm    .     (helmet unavailable)
rElec  .         Spirit   .     (cloak unavailable)
rCorr  .         Warding  .     (gloves unavailable)
rMut   .         Stasis   .     (boots unavailable)
MR     +....                    (no amulet)
Stlth  +++++++...               (no ring)
                                r - ring of flight (curse)

@: exhausted, slowed, slow, somewhat resistant to hostile enchantments,
extremely stealthy
A: no armour, no weapons or thrown items, claws 1, fangs 3, see invisible,
carnivore 3, speed 1, shaggy fur 2, slow metabolism 1, sharp paws
a: Burn Spellbooks, Berserk, Trog's Hand, Brothers in Arms, Renounce Religion,
Evoke Flight


You were on level 4 of the Dungeon.
You worshipped Trog.
Trog was greatly pleased with you.
You were not hungry.

You visited 1 branch of the dungeon, and saw 5 of its levels.

You collected 247 gold pieces.

Inventory:

Jewellery
 r - a cursed ring of flight (left paw)
 s - a +3 ring of intelligence {unknown}
Magical devices
 p - a wand of digging (1)
 y - a wand of draining (4)
Scrolls
 c - a scroll of fog {unknown}
 d - 2 scrolls of recharging {unknown}
 g - a scroll of random uselessness {unknown}
 h - 5 scrolls of identify {unknown}
 j - a scroll of fear {unknown}
 k - a scroll of magic mapping {unknown}
 n - 2 scrolls of immolation {unknown}
 x - a scroll of enchant armour {unknown}
 A - a scroll of torment {unknown}
Potions
 b - 4 potions of lignification {unknown}
 e - a potion of cure mutation {unknown}
 i - a potion of heal wounds
 l - a potion of ambrosia {unknown}
 m - a potion of berserk rage {unknown}
 t - a potion of haste {unknown}
 u - a potion of brilliance {unknown}
 v - 2 potions of cancellation {unknown}
 z - a potion of flight {unknown}
Books
 q - a book of Maledictions

   Spells                             Type                      Level
   a - Corona                         Hexes                        1
   b - Ensorcelled Hibernation        Hexes/Ice                    2
   c - Confuse                        Hexes                        3
   d - Tukima's Dance                 Hexes                        3
   e - Dazzling Spray                 Conjuration/Hexes            3
   Trog disapproves of the use of such an item.
Comestibles
 a - a meat ration
 f - 2 beef jerkies
 o - 2 slices of pizza
 w - 4 chunks of flesh


   Skills:
 - Level 3.0 Fighting
 - Level 4.0 Dodging
 + Level 12.9 Stealth
 - Level 6.1 Unarmed Combat


You had 6 spell levels left.
You didn't know any spells.

Dungeon Overview and Level Annotations

Branches:
Dungeon (5/15)
 Temple: D:4-7

Altars:
Trog


Innate Abilities, Weirdness & Mutations

You cannot wear armour.
You are incapable of wielding weapons or throwing items.
You have sharp claws.
You have razor-sharp teeth.
You have supernaturally acute eyesight.
You are carnivorous and can eat meat at any time.
You cover ground quickly.
You are covered in thick fur (AC +2).
You have a slow metabolism.
Your sharp claws are effective at attacking unaware monsters.


Message History

There is a stone staircase leading down here.
You scratch the gnoll shaman.
The gnoll shaman is lightly wounded.
The gnoll shaman closely misses you.
You claw the orc!
The orc is severely wounded.
The orc completely misses you.
You completely miss the orc.
The orc is severely wounded.
The gnoll shaman hits you but does no damage.
You scratch the orc.
You kill the orc!
Trog accepts your kill.
You are no longer berserk.
Trog's vigour flows through your veins.
You are exhausted.
You feel yourself slow down.
You claw the gnoll shaman!
The gnoll shaman is heavily wounded.
The gnoll shaman hits you with a club.
You die...

#............# ##. ##.#######...#
##.# ###..## ###.### ##.##
##.....# ##...### ##..# ##......#
##......####..## ####.......#
#)............### ...........#
##................
...........#####.................
..(.............@................
#...............)g.##..........##
##.......######....####.......##
#.......# #....# ##...##..#
######..# #....# #..###..## ###
#..## #....## ##.## ##... ..###
#...## ##....###..# ##....
#...###....#####.....#...###...##
###..........##...........#....#


You could see a gnoll shaman.

Vanquished Creatures
  The ghost of timbw the Chopper, an average CeBe of Trog (D:5)
  Menkaure (D:4)
  A sky beast (D:5)
  An ice beast (D:5)
  3 ogres
  2 crimson imps
  3 orc priests
  3 jellies (D:5)
  An iguana (D:5)
  Crazy Yiuf (D:3)
  A centaur skeleton (D:5)
  3 orc wizards
  2 giant frog skeletons (D:4)
  3 worker ants
  A hound skeleton (D:4)
  Robin (D:3)
  11 gnolls
  3 adders
  3 oozes
  3 worms
  5 giant geckos
  14 orcs
  10 giant cockroaches
  14 goblins
  13 hobgoblins
  13 jackals
  A quokka (D:3)
  A ball python (D:3)
  7 bats
  4 giant newts
  A jackal skeleton (D:4)
  7 kobolds
  A quokka skeleton (D:4)
  A quokka zombie (D:5)
  10 rats
150 creatures vanquished.

Notes
Turn   | Place    | Note
--------------------------------------------------------------
     0 | D:1      | Monkaria the Felid Berserker began the quest for the Orb.
     0 | D:1      | Reached XP level 1. HP: 10/10 MP: 2/2
   467 | D:1      | Reached XP level 2. HP: 14/14 MP: 3/3
   690 | D:1      | Acquired Trog's second power
   874 | D:1      | Reached XP level 3. HP: 17/17 MP: 4/4
  1251 | D:2      | Reached XP level 4. HP: 21/21 MP: 5/5
  1258 | D:2      | Reached skill level 5 in Unarmed Combat
  1265 | D:2      | Slain by a gnoll
  1266 | D:2      | Reached XP level 3. HP: -4/17 MP: 4/4
  2019 | D:3      | Found a bloodstained altar of Trog.
  2101 | D:3      | Reached XP level 4. HP: 21/21 MP: 5/5
  2541 | D:3      | Noticed Robin
  2614 | D:3      | Reached skill level 6 in Unarmed Combat
  2627 | D:3      | Killed Robin
  2778 | D:3      | Noticed Crazy Yiuf
  2787 | D:3      | Killed Crazy Yiuf
  2787 | D:3      | Reached XP level 5. HP: 24/24 MP: 6/6
  3210 | D:4      | Noticed an ogre
  3213 | D:4      | Killed an ogre
  3213 | D:4      | Reached skill level 5 in Stealth
  3213 | D:4      | Gained mutation: You are covered in thick fur (AC +2). [Felid growth]
  3213 | D:4      | Reached XP level 6. HP: 28/28 MP: 7/7
  3731 | D:4      | Noticed Menkaure
  3734 | D:4      | Killed Menkaure
  3734 | D:4      | Reached skill level 7 in Stealth
  3734 | D:4      | Reached XP level 7. HP: 31/31 MP: 8/8
  3783 | D:4      | Reached skill level 8 in Stealth
  3989 | D:4      | Noticed an ogre
  3994 | D:4      | Killed an ogre
  3994 | D:4      | Reached skill level 9 in Stealth
  4114 | D:5      | Entered Level 5 of the Dungeon
  4125 | D:5      | Noticed timbw's ghost (average CeBe)
  4293 | D:5      | Killed timbw's ghost
  4293 | D:5      | Reached skill level 10 in Stealth
  4445 | D:5      | Reached XP level 8. HP: 31/34 MP: 9/9
  4453 | D:5      | Reached skill level 11 in Stealth
  4669 | D:5      | Reached skill level 12 in Stealth
  4693 | D:5      | Shot with an arrow by a centaur
  4694 | D:5      | Reached XP level 7. HP: -7/31 MP: 8/8
  4806 | D:5      | Acquired Trog's third power
  4818 | D:4      | Slain by a gnoll shaman

Vault maps used:
D:1:      dpeg_arrival_shelter
D:3:      nicolae_overflow_crystal_walls, eino_tiny_chamber, uniq_robin,
          uniq_crazy_yiuf_cottage
D:4:      uniq_menkaure
D:5:      first_bread

Action                   |  1- 3 |  4- 6 |  7- 9 || total
-------------------------+-------+-------+-------++-------
Melee: Unarmed           |   144 |   143 |   121 ||   408
Invok: Berserk           |     2 |     7 |     6 ||    15
       Trog's Hand       |     1 |     4 |     5 ||    10
  Use: Potion            |       |       |     1 ||     1
 Stab: Sleeping          |     6 |     7 |     5 ||    18
       Distracted        |       |       |     1 ||     1
  Eat: Chunk             |    16 |    11 |     7 ||    34
